 Dungeon Crawl Stone Soup version 0.26-a0-663-g36e8fdb655 (webtiles) character file.

Game seed: 6946399160418731777

954 somkeydreadnuts the Chopper (level 7, -2/62 HPs)
             Began as a Deep Dwarf Wanderer on Oct 12, 2020.
             Slain by Grinder (3 damage)
             ... on level 6 of the Dungeon.
             The game lasted 00:33:58 (4202 turns).

somkeydreadnuts the Chopper (Deep Dwarf Wanderer)   Turns: 4202, Time: 00:33:58

Health: -2/62      AC: 13    Str: 15      XL:     7   Next: 90%
Magic:  11/11      EV:  7    Int: 14 (15) God:
Gold:   100        SH:  0    Dex: 11 (12) Spells: 12/13 levels left

rFire    + . .     SeeInvis .   t - +0 broad axe (freeze)
rCold    . . .     Faith    .   (no shield)
rNeg     . . .     Spirit   .   f - +0 chain mail {rF+}
rPois    +         Reflect  .   c - +0 helmet
rElec    .         Harm     .   p - +0 cloak
rCorr    .         Rampage  .   (no gloves)
MR       +....                  r - +0 pair of boots
Stlth    ..........             (no amulet)
HPRegen  0.00/turn              h - +4 ring of slaying
MPRegen  0.12/turn              q - ring of poison resistance

@: non-regenerating
A: damage resistance, heal wounds, sense surroundings 1, no regeneration
a: Heal Wounds


You were on level 6 of the Dungeon.
You visited 1 branch of the dungeon, and saw 6 of its levels.

You collected 228 gold pieces.
You spent 128 gold pieces at shops.

Inventory:

Hand Weapons
 a - a +2 dagger
 t - a +0 broad axe of freezing (weapon)
 x - a +1 vorpal war axe
Armour
 c - a +0 helmet (worn)
 f - a +0 chain mail of fire resistance (worn)
 p - a +0 cloak (worn)
 r - a +0 pair of boots (worn)
 y - a +2 robe of magic resistance
Jewellery
 h - a +4 ring of slaying (left hand)
 k - an uncursed amulet of the acrobat
 m - a +6 ring of intelligence
 q - a ring of poison resistance (right hand)
Wands
 o - a wand of flame (9)
Scrolls
 b - 3 scrolls of blinking
 d - 6 scrolls of identify
 e - a scroll of immolation {unknown}
 g - a scroll of enchant armour {unknown}
 i - a scroll of amnesia {unknown}
 j - a scroll of enchant weapon {unknown}
 s - a scroll of magic mapping {unknown}
Potions
 l - a potion of haste
 n - a potion of stabbing {unknown}
 u - a potion of curing {unknown}
 v - 2 potions of brilliance {unknown}
 w - 3 potions of mutation {unknown}


   Skills:
 + Level 3.0 Fighting
 + Level 2.8 Short Blades
 + Level 5.2(5.3) Axes
   Level 1.0(3.1) Maces & Flails
 + Level 5.1 Armour
 + Level 1.5 Dodging
 + Level 1.7 Stealth
 + Level 3.5 Spellcasting
 + Level 2.2 Fire Magic
 + Level 1.6 Evocations


You had 12 spell levels left.
You knew the following spells:

 Your Spells              Type           Power        Failure   Level
a - Foxfire               Conj/Fire      #...         92%         1

Your spell library contained the following spells:

 Spells                   Type           Power        Failure   Level
 Beastly Appendage        Tmut           #.....       98%         1
 Corpse Rot               Necr/Air       N/A          99%         2
 Swiftness                Air            #.......     99%         2
 Wereblood                Tmut           #.......     99%         2
 Confusing Touch          Hex            #.......     100%        3
 Conjure Flame            Conj/Fire      #.......     100%        3
 Gell's Gravitas          Tloc           #.........   100%        3
 Spider Form              Tmut/Pois      #.........   100%        3
 Ice Form                 Ice/Tmut       #.......     100%        4
 Petrify                  Tmut/Erth      #.......     100%        4
 Blade Hands              Tmut           #.........   100%        5
 Metabolic Englaciation   Hex/Ice        #.........   100%        5
 Yara's Violent Unravell  Hex/Tmut       #.........   100%        5


Dungeon Overview and Level Annotations

Branches:
Dungeon (6/15)
 Temple: D:4-7

Altars:
Dithmenos
Qazlal
Ru
Trog

Shops:
D:4 (

Annotations:
D:4 3 runed translucent doors, 2 exclusions, flotson's ghost, weakling DsDe
D:6 Grinder


Innate Abilities, Weirdness & Mutations

You are resistant to damage.
You can heal yourself by infusing magical energy.
You passively map a small area around you.
You do not regenerate.


Message History

Grinder hits you but does no damage.
You closely miss Grinder.
Grinder is heavily wounded.
Grinder gestures at you.
You suddenly lose the ability to move!
Grinder says, "You look like you could use a good racking."
Grinder hits you but does no damage. Grinder hits you but does no damage.
You can move again.
You barely miss Grinder.
Grinder is heavily wounded.
Grinder hits you but does no damage.
You barely miss Grinder.
Grinder is heavily wounded.
Grinder hits you.
* * * LOW HITPOINT WARNING * * *
You writhe in agony.
* * * LOW HITPOINT WARNING * * *
You fail to use your ability.
Grinder hits you.
You die...

*...............[### .
* ................#
...
................###...
.................#....
.<....................
..............#.......
.......##.....$.......
,
......#*##............
* ....# ##5@.........
... #....###..##
#..:## .# #...# # *
#.#.# , , #.#.., , * *
*#.##. , , * * , .. #.
, * , , *


You could see Grinder.

Vanquished Creatures
  2 ogres
  A sky beast (D:5)
  A centaur (D:5)
  Blork the orc (D:6)
  A hound (D:5)
  A jelly (D:5)
  An orc priest (D:4)
  2 bullfrog skeletons (D:5)
  2 iguanas
  Natasha (thrice) (D:4)
  3 worker ants (D:4)
  A hound zombie (D:5)
  3 gnolls (D:5)
  5 adders
  A white imp (D:6)
  3 ufetubi
  An ooze (D:2)
  4 dart slugs
  3 leopard geckos
  8 orcs
  5 giant cockroaches
  8 goblins
  5 hobgoblins
  4 jackals (D:2)
  5 kobolds
  7 quokkas
  A ball python (D:2)
  6 bats
  6 frilled lizards
  A leopard gecko skeleton (D:3)
  A quokka skeleton (D:5)
  6 rats
102 creatures vanquished.

Notes
Turn   | Place    | Note
-------+----------+-------------------------------------------
     0 | D:1      | somkeydreadnuts the Deep Dwarf Wanderer began the quest for
                  | the Orb.
     0 | D:1      | somkeydreadnuts set off with the following items: a +2
                  | dagger, a scroll of blinking, a +0 robe; and the following
                  | spell memorised: Foxfire; and the following spells
                  | available to memorise: Corpse Rot, Swiftness, Conjure Flame
     0 | D:1      | Reached XP level 1. HP: 19/19 MP: 4/4
   300 | D:1      | Reached XP level 2. HP: 26/26 MP: 6/6
   731 | D:1      | Reached XP level 3. HP: 30/32 MP: 7/7
   905 | D:2      | Reached skill level 1 in Armour
  1151 | D:2      | Reached XP level 4. HP: 32/39 MP: 9/9
  1416 | D:2      | Found a sacrificial altar of Ru.
  1975 | D:3      | Reached skill level 1 in Short Blades
  2307 | D:4      | Found Fotriel's Weapon Shoppe.
  2332 | D:4      | Reached XP level 5. HP: 6/45 MP: 10/10
  2367 | D:4      | Bought a +0 broad axe of freezing for 128 gold pieces
  2478 | D:4      | Found a shadowy altar of Dithmenos.
  2609 | D:4      | Found a stormy altar of Qazlal.
  2620 | D:4      | Noticed flotson's ghost (weakling DsDe)
  2620 | D:4      | Noticed an ice beast
  2620 | D:4      | Noticed an ice beast
  2673 | D:4      | Found a runed translucent gate.
  2673 | D:4      | Found a runed translucent gate.
  2673 | D:4      | Found a runed translucent gate.
  2760 | D:4      | Reached skill level 1 in Axes
  2767 | D:4      | Found a bloodstained altar of Trog.
  2833 | D:4      | Reached XP level 6. HP: 30/52 MP: 11/11
  2927 | D:4      | Noticed Natasha
  2930 | D:4      | Killed Natasha
  3200 | D:4      | Noticed Natasha
  3234 | D:4      | Killed Natasha
  3268 | D:4      | Noticed Natasha
  3272 | D:4      | Killed Natasha
  3310 | D:5      | Entered Level 5 of the Dungeon
  3318 | D:5      | Reached skill level 1 in Dodging
  3318 | D:5      | Reached XP level 7. HP: 21/61 MP: 12/12
  4099 | D:5      | Reached skill level 5 in Axes
  4149 | D:6      | Noticed Blork the orc
  4155 | D:6      | Killed Blork the orc
  4155 | D:6      | Reached skill level 5 in Armour
  4180 | D:6      | Noticed Grinder
  4183 | D:6      | Paralysed by Grinder for 7 turns
  4198 | D:6      | Paralysed by Grinder for 2 turns
  4201 | D:6      | HP: 1/62 [Grinder (5)]
  4202 | D:6      | Slain by Grinder

Illustrated notes

Levels and vault maps discovered:
D:1:      dpeg_arrival_pits, layout_basic, minmay_hexomino_c4
D:2:      layout_basic, nicolae_ru_awakened_eye
D:3:      layout_loops_ring
D:4:      layout_loops_cross, lightli_temple_of_fire,
          nicolae_dithmenos_the_darkroom, gammafunk_ghost_icy, serial_shops,
          shop_statue, minmay_liquid_box, grunt_qazlal_clouds, uniq_natasha
D:5:      layout_cave_pods, serial_glass, glass_columns_c, glass_columns_c,
          feat_on_display, item_on_display_a
D:6:      layout_layer_cave, minmay_temple_entry_statues, trog_book,
          uniq_grinder, uniq_sigmund, uniq_blork_the_orc

Skill      XL: |  1  2  3  4  5  6  7 |
---------------+----------------------+-----
Spellcasting   | 3 |  3.5
Fire Magic     | 2 |  2.2
Fighting       | 2 3 |  3.0
Armour         | 1 2 3 4 5 |  5.1
Short Blades   | 1 2 |  2.8
Axes           | 1 3 5 |  5.2
Dodging        | 1 |  1.5
Maces & Flails | |  1.0
Stealth        | |  1.7
Evocations     | |  1.6

Action                   |  1- 3 |  4- 6 |  7- 9 || total
-------------------------+-------+-------+-------++-------
Melee: Dagger            |   106 |    93 |       ||   199
       Broad axe         |       |    56 |    59 ||   115
 Abil: Heal Wounds       |       |     3 |     1 ||     4
Evoke: Wand              |       |       |    10 ||    10
  Use: Scroll            |       |     2 |       ||     2
       Potion            |       |     1 |     1 ||     2
Armor: Chain mail        |    74 |   102 |    68 ||   244
Dodge: Dodged            |    37 |    51 |    25 ||   113

Table legend: (Time is in decaauts)
 A = Elapsed time spent in this place.
 B = Non-inter-level travel time spent in this place.
 C = Inter-level travel time spent in this place.
 D = Time resting spent in this place.
 E = Time spent auto-exploring this place.
 F = Levels seen in this place.
 G = Mean time per level.
                   A        B        C        D        E       F      G
               +--------+--------+--------+--------+--------+-----+--------+
         Total |   4241 |   3827 |    414 |      0 |   2936 |   6 |  706.8 |
       Dungeon |   4241 |   3827 |    414 |      0 |   2936 |   6 |  706.8 |
               +--------+--------+--------+--------+--------+-----+--------+

Top non-repeatable levels by time:
     D:4: 1028 daAuts
     D:5: 857 daAuts
     D:1: 856 daAuts
     D:2: 853 daAuts
     D:3: 587 daAuts
     D:6: 57 daAuts
